 Dungeon Crawl Stone Soup version 0.30-a0-696-g2367cd04db (webtiles) character file.

Game seed: 15832176618515665375

237 Absynth the Sneak (level 5, -2/39 HPs)
             Began as a Demonspawn Brigand on Jan 20, 2023.
             Slain by an orc priest
             ... wielding a +0 flail
              (10 damage)
             ... on level 3 of the Dungeon.
             The game lasted 00:09:29 (3024 turns).

Absynth the Sneak (Demonspawn Brigand)              Turns: 3024, Time: 00:09:30

Health: -2/39      AC:  4    Str: 11    XL:     5   Next: 77%
Magic:  5/5        EV: 17    Int: 13    God:
Gold:   186        SH:  0    Dex: 16    Spells: 4/4 levels left

rFire   . . .      SeeInvis .    a - +2 dagger
rCold   . . .      Faith    .    (no shield)
rNeg    . . .      Spirit   .    b - +0 robe
rPois   .          Reflect  .    (no helmet)
rElec   .          Harm     .    c - +0 cloak
rCorr   .          Rampage  .    (no gloves)
Will    .....                    (no boots)
Stlth   +++                      (no amulet)
HPRegen 0.26/turn                (no ring)
MPRegen 0.09/turn                (no ring)

@: agile
A: rugged brown scales 1, powered by pain 1
a: no special abilities


You were on level 3 of the Dungeon.
You visited 1 branch of the dungeon, and saw 3 of its levels.

You collected 186 gold pieces.

Inventory:

Hand Weapons
 a - a +2 dagger (weapon)
Missiles
 d - 9 poisoned darts (quivered)
 e - 3 curare-tipped darts
Armour
 b - a +0 robe (worn)
 c - a +0 cloak (worn)
Jewellery
 h - a ring of fire
Scrolls
 k - a scroll of butterflies {unknown}
 l - a scroll of amnesia {unknown}
 n - a scroll of magic mapping {unknown}
 o - a scroll of immolation {unknown}
 p - a scroll of enchant armour {unknown}
 t - 2 scrolls of identify {unknown}
 u - a scroll of poison {unknown}
Potions
 f - 2 potions of curing {unknown}
 g - 2 potions of haste {unknown}
 i - a potion of degeneration {unknown}
 j - 4 potions of heal wounds {unknown}
 m - a potion of brilliance {unknown}
 q - a potion of mutation {unknown}
 r - a potion of flight {unknown}
 s - a potion of cancellation {unknown}


   Skills:
 - Level 2.0 Fighting
 * Level 3.8 Short Blades
 - Level 1.7 Throwing
 + Level 2.3 Dodging
 * Level 5.1 Stealth


You had 4 spell levels left.
You didn't know any spells.
Your spell library contained the following spells:

 Spells                   Type           Power      Damage    Failure   Level
 Cigotuvi's Dreadful Rot  Necr/Pois/Air  0%         N/A       43%         2
 Static Discharge         Conj/Air       0%         2-2/arc   43%         2
 Gell's Gravitas          Tloc           0%         N/A       67%         3
 Teleport Other           Tloc           0%         N/A       67%         3
 Vhi's Electric Charge    Tloc/Air       0%         N/A       67%         3
 Animate Dead             Necr           0%         N/A       97%         4
 Dispel Undead            Necr           0%         3d6       97%         4
 Arcjolt                  Conj/Air       0%         1d10      100%        5
 Borgnjor's Vile Clutch   Necr/Erth      0%         N/A       100%        5
 Lightning Bolt           Conj/Air       0%         1d11      100%        5
 Death Channel            Necr           0%         N/A       100%        6
 Dispersal                Tloc           0%         N/A       100%        6
 Borgnjor's Revivificati  Necr           0%         N/A       100%        8
 Necromutation            Tmut/Necr      0%         N/A       100%        8
 Death's Door             Necr           0%         N/A       100%        9


Dungeon Overview and Level Annotations

Branches:
Dungeon (3/15)

Altars:
Cheibriados

Shops:
D:2 [


Innate Abilities, Weirdness & Mutations

You are partially covered in rugged brown scales. (AC +1, +3% HP)
You sometimes gain a little power by taking damage.


Message History

You climb downwards.
There is a stone staircase leading up here.
The orc priest hits you with a +0 flail!
You hit the orc priest.
The orc priest is lightly wounded.
The orc priest looks satisfied for a moment.
You barely miss the orc priest.
The orc priest is lightly wounded.
The orc priest hits you with a +0 flail.
You hit the orc priest.
The orc priest is heavily wounded.
The orc priest hits you but does no damage.
You barely miss the orc priest.
The orc priest is heavily wounded.
You hit the orc priest.
The orc priest is severely wounded.
The orc priest hits you with a +0 flail!
You hit the orc priest.
The orc priest is severely wounded.
The orc priest hits you but does no damage.
You closely miss the orc priest.
The orc priest is severely wounded.
The orc priest calls down the wrath of Beogh upon you.
Pain shoots through your body!
You hit the orc priest but do no damage.
The orc priest is severely wounded.
The orc priest closely misses you.
You hit the orc priest but do no damage.
The orc priest is severely wounded.
You barely miss the orc priest.
The orc priest is severely wounded.
The orc priest invokes the aid of Beogh against you.
Beogh smites you!
* * * LOW HITPOINT WARNING * * *
You focus on the pain.
You feel agile all of a sudden.
You barely miss the orc priest.
The orc priest is severely wounded.
The orc priest hits you with a +0 flail!
You die...

# #...#####.# #.## #...#
####.#...###.# #.# #...#
...#.........# ######.# #...#
##...##..##.## #......# #####
..##..##....####.###### #
#...#...###.#.)..# ##
###)###.......#### ##. # #.#
###.......#### #..
#.####..###..o@..### #.#
#..#...## ####.<...### ###..
###.#.### #####...## ##...#
##...o.# ##.#..####...##
...#...######## ##......##...##
....##...or.o.####...........##
.....########...#..........#.#
.....# ###..............#
.....## ###............#


You could see an orc priest.

Vanquished Creatures
  An orc priest (D:3)
  A hound (D:3)
  2 orc wizards
  4 adders
  A worm (D:2)
  3 dart slugs
  An orc (D:2)
  5 ball pythons
  9 endoplasms
  17 giant cockroaches
  4 goblins
  5 hobgoblins
  6 jackals
  4 kobolds
  2 quokkas (D:1)
  6 bats
  2 frilled lizards
  2 rats (D:3)
75 creatures vanquished.

Notes
Turn   | Place    | Note
-------+----------+-------------------------------------------
     0 | D:1      | Absynth the Demonspawn Brigand began the quest for the Orb.
     0 | D:1      | Reached XP level 1. HP: 16/16 MP: 1/1
    25 | D:1      | Reached skill level 1 in Dodging
   201 | D:1      | Gained mutation: You are partially covered in rugged brown
                  | scales. (AC +1, +3% HP) [demonic ancestry]
   201 | D:1      | Reached XP level 2. HP: 16/22 MP: 2/2
   405 | D:1      | Reached skill level 4 in Stealth
   762 | D:1      | Reached XP level 3. HP: 27/27 MP: 3/3
  1164 | D:2      | Gained mutation: You sometimes gain a little power by
                  | taking damage. [demonic ancestry]
  1164 | D:2      | Reached XP level 4. HP: 33/33 MP: 4/4
  1187 | D:2      | Found a faded altar of an unknown god.
  1432 | D:2      | Found Jejisauf's Armour Emporium.
  2206 | D:3      | Found a snail-covered altar of Cheibriados.
  2225 | D:3      | Reached XP level 5. HP: 39/39 MP: 5/5
  2633 | D:3      | Reached skill level 5 in Stealth
  3024 | D:3      | Slain by an orc priest

Illustrated notes

Levels and vault maps discovered:
D:1:      psy_arrival_whirlpool, layout_loops_corners
D:2:      minmay_roachtagon, layout_loops_cross, nicolae_ecumenical_lake_church,
          serial_shops, nicolae_shop_window_shopping
D:3:      layout_rooms, lemuel_round_altar, trog_hazing_becter,
          grunt_ministairs_6

Skill      XL: |  1  2  3  4  5 |
---------------+----------------+-----
Dodging        | 1 2 |  2.3
Short Blades   | 2 3 |  3.8
Stealth        | 4 5 |  5.1
Fighting       | |  2.0
Throwing       | |  1.7

Action                   |  1- 3 |  4- 6 || total
-------------------------+-------+-------++-------
Melee: Dagger            |   159 |   162 ||   321
       Punch             |       |     1 ||     1
Throw: Dart              |    12 |       ||    12
 Stab: Sleeping          |     5 |    11 ||    16
Armor: Robe              |    35 |    33 ||    68
Dodge: Dodged            |   102 |    94 ||   196

Table legend: (Time is in decaauts)
 A = Elapsed time spent in this place.
 B = Non-inter-level travel time spent in this place.
 C = Inter-level travel time spent in this place.
 D = Time resting spent in this place.
 E = Time spent auto-exploring this place.
 F = Levels seen in this place.
 G = Mean time per level.
                   A        B        C        D        E       F      G
               +--------+--------+--------+--------+--------+-----+--------+
         Total |   2987 |   2928 |     59 |    283 |   1702 |   3 |  995.7 |
       Dungeon |   2987 |   2928 |     59 |    283 |   1702 |   3 |  995.7 |
               +--------+--------+--------+--------+--------+-----+--------+

Top non-repeatable levels by time:
     D:2: 1309 daAuts
     D:1: 946 daAuts
     D:3: 731 daAuts
